 Dungeon Crawl Stone Soup version 0.14.0-7-g2801ba0 (webtiles) character file.

530 Canard the Digger (level 6, 0/32 HPs)
             Began as a Deep Elf Earth Elementalist on Apr 12, 2014.
             Was an Initiate of Vehumet.
             Slain by a centaur (7 damage)
             ... on Level 4 of the Dungeon.
             The game lasted 00:16:59 (3257 turns).

Canard the Digger (Deep Elf Earth Elementalist)     Turns: 3257, Time: 00:17:00

HP   0/32        AC  3     Str  5      XL: 6   Next: 35%
MP  15/21        EV 13     Int 22      God: Vehumet [......]
Gold 178         SH  0     Dex 15      Spells:  3 memorised,  8 levels left

rFire  . . .     SeeInvis .     a - +0 club
rCold  . . .     Clarity  .     c - +0 robe
rNeg   . . .     Conserve .     (no shield)
rPois  .         rCorr    .     (no helmet)
rElec  .         rRot     .     i - +0 cloak
SustAb . .       Spirit   .     (no gloves)
rMut   .         Warding  .     (no boots)
Saprov . . .     Stasis   .     (no amulet)
MR     .....                    (no ring)
                                (no ring)

@: not resistant to hostile enchantments, fairly stealthy
A: no striking features
a: Renounce Religion


You were on level 4 of the Dungeon.
You worshipped Vehumet.
Vehumet was noncommittal.
You were not hungry.

You visited 2 branches of the dungeon, and saw 5 of its levels.

You collected 178 gold pieces.


   Skills:
 - Level 2.4 Dodging
 - Level 2.4 Stealth
 + Level 5.8 Spellcasting
 - Level 1.1 Transmutations
 * Level 6.6 Earth Magic


You had 8 spell levels left.
You knew the following spells:

 Your Spells              Type           Power        Failure   Level  Hunger
a - Sandblast             Erth           #####.       1%          1    None
b - Stone Arrow           Conj/Erth      ###...       10%         3    ##.....
c - Petrify               Trmt/Erth      ###.....     21%         4    ####...

Action                   |  1- 3 |  4- 6 || total
-------------------------+-------+-------++-------
Melee: Unarmed           |    10 |       ||    10
       Club              |    18 |       ||    18
 Cast: Sandblast         |    65 |   170 ||   235
       Stone Arrow       |       |     5 ||     5
  Use: Potion            |       |     5 ||     5
 Stab: Sleeping          |     1 |       ||     1

Inventory:

Hand weapons
 a - a +0,+0 club (weapon)
   (You took it off a hobgoblin on level 1 of the Dungeon)
 p - a +0 blowgun
   (You took it off a kobold on level 4 of the Dungeon)
Missiles
 b - 99 stones (quivered)
 g - 5 darts
 m - 18 curare-tipped needles
 r - 22 poisoned needles
 u - 12 darts of dispersal
 z - 2 needles of frenzy
 B - a dart of frost
Armour
 c - a +0 robe (worn)
 i - a +0 cloak (worn)
   (You found it on level 1 of the Dungeon)
Comestibles
 e - 3 bread rations {!e}
 n - 2 meat rations
 s - 2 chokos
 A - a lychee
 G - a pear
 H - a chunk of bat flesh
 I - a chunk of ball python flesh
 J - a chunk of giant gecko flesh
Scrolls
 j - a scroll of immolation {unknown}
 o - 4 scrolls of identify {unknown}
 t - 2 scrolls of teleportation {unknown}
 v - a scroll of enchant weapon I {unknown}
 x - 2 scrolls of blinking {unknown}
 y - 3 scrolls of remove curse {unknown}
 D - 3 scrolls of fog {unknown}
 E - 2 scrolls of noise {unknown}
Jewellery
 F - an uncursed ring of ice {unknown}
   (You found it on level 4 of the Dungeon)
Potions
 f - a potion of magic
 k - a potion of paralysis {unknown}
 l - a potion of flight {unknown}
 q - a potion of brilliance {unknown}
 w - a potion of lignification
 C - a potion of haste {unknown}
Books
 d - a book of Geomancy

   Spells                             Type                      Level
   *Sandblast                         Earth                        1
   Stoneskin                          Transmutation/Earth          2
   Passwall                           Transmutation/Earth          3
   *Stone Arrow                       Conjuration/Earth            3
   *Petrify                           Transmutation/Earth          4
   Lee's Rapid Deconstruction         Earth                        5
 h - a book of Beasts
   (You found it on level 4 of the Dungeon)

   Spells                             Type                      Level
   Summon Butterflies                 Summoning                    1
   Call Canine Familiar               Summoning                    3
   Summon Ice Beast                   Ice/Summoning                4
   Summon Mana Viper                  Hexes/Summoning              5
   Monstrous Menagerie                Summoning                    6
   Summon Hydra                       Summoning                    7


Message History

a giant gecko corpse; an uncursed club; an uncursed blowgun; a kobold corpse You close the door.
p - an uncursed blowgun Butcher a giant gecko corpse? [(y)es/(c)hop/(n)o/(a)ll/(q)uit/?]
You start butchering the giant gecko corpse.
You continue butchering the corpse. x3
You finish butchering the giant gecko corpse.
You start butchering the kobold corpse.
You continue butchering the corpse.
You continue butchering the corpse. x3
You finish butchering the kobold corpse.
J - a chunk of giant gecko flesh
Things that are here:
an uncursed club; 2 chunks of kobold flesh You feel yourself speed up.
Unknown command.
Unknown command.
You start resting.
A centaur opens the door.
The centaur hits you!
You die...

.....+.......'......#
.....#.......###.##.#
#...........## #.##.#
.......####'# #.##.#
.......# ....# #.##.#######
.......##.... #..........#
#+#######....######.#####.#
#.#######.......###..)..#
#........[ #...@c...##.#
#......... #..)##...#
#......... #...##...#
#..............###...#
#..)####....... #.....
............... #..###.
............... #..c
............... ##.#
........## ##.. #..

Dungeon Overview and Level Annotations

Branches:
Dungeon (4/15)             Temple (1/1) D:4

Altars:
Ashenzari
Cheibriados
Vehumet
Xom
Yredelemnul
Zin
Lugonu

Table legend:
 A = Turns spent in this place as a percentage of turns spent in the entire game.
 B = Non-inter-level travel turns spent in this place as a percentage of non-inter-level travel turns spent in the entire game.
 C = Inter-level travel turns spent in this place as a percentage of turns spent in this place.
 D = Turns resting spent in this place as a percentage of non-inter-level travel turns spent in this place.
 E = Turns spent auto-exploring this place as a percentage of non-inter-level travel turns spent in this place.
 F = Non-inter-level travel turns spent in this place divided by the number of levels of this place that you've seen.
                   A       B       C       D       E      F
               +-------+-------+-------+-------+-------+----------------------
         Total | 100.0 | 100.0 |   0.3 |   3.1 |  13.1 | 194.8
       Dungeon |  96.6 |  96.6 |   0.3 |   3.2 |  13.6 | 235.2
        Temple |   3.4 |   3.4 |   0.0 |   0.0 |   0.0 |  33.0
               +-------+-------+-------+-------+-------+----------------------

Table legend:
 A = Kills in this place as a percentage of kills in entire the game.
 B = Kills by you in this place as a percentage of kills by you in the entire game.
 C = Kills by friends in this place as a percentage of kills by friends in the entire game.
 D = Other kills in this place as a percentage of other kills in the entire game.
 E = Experience gained in this place as a percentage of experience gained in the entire game.
 F = Experience gained in this place divided by the number of levels of this place that you have seen.
                   A       B       C       D       E      F
               +-------+-------+-------+-------+-------+----------------------
         Total | 100.0 | 100.0 |  -nan |  -nan | 100.0 | 100.8
       Dungeon | 100.0 | 100.0 |  -nan |  -nan | 100.0 | 126.0
               +-------+-------+-------+-------+-------+----------------------
You could see a centaur.

Vanquished Creatures
  An ogre (D:4)
  A hound (D:4)
  9 adders
  A giant mite (D:4)
  An inept feature mimic (D:4)
  2 worms (D:2)
  6 giant geckos
  2 oozes (D:1)
  9 orcs
  12 bats
  10 goblins
  13 hobgoblins
  7 jackals
  4 quokkas
  5 ball pythons
  8 giant cockroaches
  3 giant newts
  12 kobolds
  10 rats
116 creatures vanquished.

Notes
Turn   | Place    | Note
--------------------------------------------------------------
     0 | D:1      | Canard, the Deep Elf Earth Elementalist, began the quest for the Orb.
     0 | D:1      | Reached XP level 1. HP: 10/10 MP: 5/5
   149 | D:1      | Reached XP level 2. HP: 10/15 MP: 3/8
   275 | D:1      | Reached skill level 4 in Earth Magic
   438 | D:1      | Reached XP level 3. HP: 19/19 MP: 2/11
  1046 | D:2      | Reached XP level 4. HP: 20/24 MP: 12/15
  1197 | D:2      | Reached skill level 5 in Earth Magic
  1647 | D:3      | Reached XP level 5. HP: 26/28 MP: 14/18
  1658 | D:3      | Learned a level 3 spell: Stone Arrow
  1663 | D:3      | Learned a level 4 spell: Petrify
  2213 | D:3      | Reached skill level 5 in Spellcasting
  2640 | D:4      | Reached skill level 6 in Earth Magic
  2641 | D:4      | Found a staircase to the Ecumenical Temple.
  2659 | Temple   | Entered the Ecumenical Temple
  2675 | Temple   | Became a worshipper of Vehumet
  2827 | D:4      | HP: 1/28 [poisoned by a giant mite]
  2877 | D:4      | Noticed an ogre
  3025 | D:4      | Killed an ogre
  3025 | D:4      | Reached XP level 6. HP: 32/32 MP: 13/21
  3230 | D:4      | Noticed a centaur
  3257 | D:4      | Slain by a centaur

Vault maps used:
D:1:      onia_arrival_mini_spirals, serial_bayou_pond_b, hangedman_decor_lopped
D:2:      kennysheep_generic_room_3
D:3:      forest_paths, first_bread
D:4:      minmay_temple_entry_mist
Temple:   corrupted_temple_6
